 Dungeon Crawl Stone Soup version 0.25.1-2-g60ff931df9 (webtiles) character file.

Game seed: 7817800898029979911

170 HawFromDerth the Ruffian (level 5, -4/78 HPs)
             Began as a Troll Berserker on Sept 21, 2020.
             Was a Believer of Trog.
             Slain by a goblin
             ... wielding a +0 club
             ... led by Robin
              (6 damage)
             ... on level 3 of the Dungeon.
             The game lasted 00:06:08 (2604 turns).

HawFromDerth the Ruffian (Troll Berserker)          Turns: 2604, Time: 00:06:09

Health: -4/78      AC:  6    Str: 26    XL:     5   Next: 26%
Magic:  4/4        EV: 10    Int:  3    God:    Trog [**....]
Gold:   147        SH:  0    Dex:  9    Spells: 4/4 levels left

rFire    . . .     SeeInvis .     - Unarmed
rCold    . . .     Gourm    +   (no shield)
rNeg     . . .     Faith    .   a - +0 animal skin
rPois    .         Spirit   .   (helmet restricted)
rElec    .         Reflect  .   (no cloak)
rCorr    .         Harm     .   (gloves unavailable)
MR       .....                  (boots unavailable)
Stlth    ..........             (no amulet)
HPRegen  0.63/turn              (no ring)
MPRegen  0.09/turn              (no ring)

@: berserking, very quick
A: large, unfitting armour, claws 3, fast metabolism 3, gourmand, regeneration
1, shaggy fur 1, tough skin 3
a: Berserk, Trog's Hand, Renounce Religion


You were on level 3 of the Dungeon.
You worshipped Trog.
Trog was pleased with you.
You were not hungry.

You visited 1 branch of the dungeon, and saw 4 of its levels.

You collected 147 gold pieces.

Inventory:

Armour
 a - a +0 animal skin (worn)
Jewellery
 r - an uncursed amulet of reflection {unknown}
Scrolls
 d - a scroll of fog {unknown}
 g - a scroll of immolation {unknown}
 j - 5 scrolls of remove curse {unknown}
 k - 2 scrolls of blinking {unknown}
 l - 2 scrolls of identify {unknown}
 m - 2 scrolls of magic mapping {unknown}
 s - a scroll of amnesia {unknown}
Potions
 c - a potion of flight {unknown}
 e - a potion of magic {unknown}
 h - 2 potions of mutation {unknown}
 i - 2 potions of haste {unknown}
 n - a potion of heal wounds {unknown}
 o - a potion of ambrosia {unknown}
 p - 2 potions of stabbing {unknown}
 q - a potion of might {unknown}
 t - 2 potions of degeneration {unknown}
Comestibles
 b - 8 rations


   Skills:
 + Level 2.8 Fighting
 + Level 3.1 Dodging
 + Level 0.1 Stealth
 * Level 5.2 Unarmed Combat


You had 4 spell levels left.
You didn't know any spells.
Your spell library was empty.

Dungeon Overview and Level Annotations

Branches:
Dungeon (4/15)
 Temple: D:4-7

Altars:
Ashenzari
Elyvilon
Okawaru
Uskayaw
Wu Jian
Zin
The Shining One

Annotations:
D:4 Robin


Innate Abilities, Weirdness & Mutations

You are too large for most types of armour.
You have claws for hands.
Your metabolism is lightning-fast.
You like to eat raw meat.
Your natural rate of healing is unusually fast.
You are covered in fur. (AC +1)
You have extremely tough skin. (AC +3)


Message History

You feel yourself moving faster!
You feel mighty! The centaur barely misses you. The centaur hits you.
* * * LOW HITPOINT WARNING * * *
The hobgoblin completely misses you. The goblin hits you but does no damage.
The hobgoblin hits you.
* * * LOW HITPOINT WARNING * * *
You scratch the centaur.
The centaur is almost dead.
The centaur hits you.
* * * LOW HITPOINT WARNING * * *
You claw the centaur!
You kill the centaur!
Trog accepts your kill.
Your Dodging skill increases to level 3!
Your Unarmed Combat skill increases to level 5!
You have reached level 5!
The hobgoblin hits you with a +0 club!
* * * LOW HITPOINT WARNING * * *
The hobgoblin barely misses you. The goblin hits you with a +0 club.
You die...

#######.#.##.#.# #.##.#.#
#.#.##.#.# #...<#.##
#####.#.##.#.#############.....
#...#.#.#....................##
#...#.#.####.#############.#.#
#...#.#........# #.#.##
#...#.######.#.# #.#...
###...#.#....#.#g###########.#.##
......'........g@g...........#...
###...#.####.##.)################
......'..........................
###...####.#.##..################
#...# #.#.##..# #...# #.#.##..#
###...# #.#.##..# #...###
#.#.####### #...#
#...##.⌠..##############


You could see 2 hobgoblins and a goblin (strong).

Vanquished Creatures
  A centaur (D:3)
  An adder (D:2)
  An ooze (D:3)
  2 dart slugs
  A leopard gecko (D:2)
  11 bats
  4 giant cockroaches
  13 goblins
  4 hobgoblins
  6 jackals
  3 quokkas
  6 frilled lizards
  4 kobolds
  7 rats
64 creatures vanquished.

Notes
Turn   | Place    | Note
-------+----------+-------------------------------------------
     0 | D:1      | HawFromDerth the Troll Berserker began the quest for the
                  | Orb.
     0 | D:1      | Reached XP level 1. HP: 22/22 MP: 0/0
   130 | D:1      | Reached XP level 2. HP: 28/29 MP: 1/1
   846 | D:2      | Reached XP level 3. HP: 34/36 MP: 2/2
  1070 | D:2      | Reached skill level 4 in Unarmed Combat
  1078 | D:2      | Found a hide-covered altar of Uskayaw.
  1277 | D:2      | Reached ** piety under Trog
  1867 | D:3      | Reached XP level 4. HP: 44/44 MP: 3/3
  2349 | D:3      | Found an iron altar of Okawaru.
  2351 | D:3      | Found a glowing golden altar of the Shining One.
  2353 | D:3      | Found an ornate altar of the Wu Jian Council.
  2354 | D:3      | Found a shattered altar of Ashenzari.
  2355 | D:3      | Found a white marble altar of Elyvilon.
  2499 | D:3      | Found a glowing silver altar of Zin.
  2531 | D:4      | Noticed Robin
  2531 | D:4      | Noticed a centaur
  2604 | D:3      | Killed a centaur
  2604 | D:3      | Reached skill level 5 in Unarmed Combat
  2604 | D:3      | Reached XP level 5. HP: 10/52 MP: 4/4
  2604 | D:3      | HP: 2/78 [hobgoblin/+0 club[Robin] (9)]
  2604 | D:3      | Slain by a goblin

Illustrated notes

Levels and vault maps discovered:
D:1:      mrwooster_arrival_arrow, layout_basic
D:2:      layout_loops_cross, lemuel_coloured_pillars_altar, first_ration,
          minmay_misc_feat_plants, hangedman_glass_teeth
D:3:      layout_basic, zin_statuary, minitemple
D:4:      layout_cave_pools, grunt_gozag_statues, minmay_pentomino_pile,
          uniq_eustachio, uniq_robin

Skill      XL: |  1  2  3  4 |
---------------+-------------+-----
Unarmed Combat | 4 5 |  5.2
Dodging        | 3 |  3.1
Fighting       | |  2.8
Stealth        | |  0.1

Action                   |  1- 3 |  4- 6 || total
-------------------------+-------+-------++-------
Melee: Unarmed           |   101 |    49 ||   150
       Punch             |     1 |     1 ||     2
Invok: Berserk           |       |     1 ||     1
 Stab: Sleeping          |     1 |       ||     1
  Eat: Chunk             |    22 |     3 ||    25
Armor: Animal skin       |    56 |    42 ||    98
Dodge: Dodged            |    66 |    60 ||   126
